 Dungeon Crawl Stone Soup version 0.19.0-2-gae57169 (webtiles) character file.

154 MovingMist the Skirmisher (level 5, -1/33 HPs)
             Began as a Gargoyle Abyssal Knight on Nov 6, 2016.
             Was a Believer of Lugonu.
             Killed by nerve-wracking pain
             ... invoked by an orc priest
              (6 damage)
             ... on level 3 of the Dungeon.
             The game lasted 00:05:16 (1860 turns).

MovingMist the Skirmisher (Gargoyle Abyssal Knight) Turns: 1860, Time: 00:05:16

Health: -1/33      AC: 18    Str: 15    XL:     5   Next: 35%
Magic:  7/7        EV:  9    Int: 13    God:    Lugonu [**....]
Gold:   137        SH:  0    Dex: 10    Spells: 0 memorised, 4 levels left

rFire  . . .     SeeInvis .     r - +2 quarterstaff (protect)
rCold  . . .     Gourm    .     y - +0 scale mail (curse)
rNeg   + . .     Faith    .     (shield currently unavailable)
rPois  ∞         Spirit   .     (no helmet)
rElec  +         Reflect  .     e - +0 cloak
rCorr  .         Harm     .     (no gloves)
MR     .....                    (no boots)
Stlth  ..........               (no amulet)
                                (no ring)
                                (no ring)

@: confused, protection aura
A: negative energy resistance 1, electricity resistance, unbreathing,
petrification resistance, rot immunity, AC +4
a: Depart the Abyss, Bend Space, Renounce Religion


You were on level 3 of the Dungeon.
You worshipped Lugonu.
Lugonu was pleased with you.
You were not hungry.

You visited 1 branch of the dungeon, and saw 3 of its levels.
You visited the Abyss 1 time.

You collected 137 gold pieces.

Inventory:

Hand Weapons
 a - a +1 mace
 r - a +2 quarterstaff of protection (weapon)
Missiles
 x - 2 tomahawks (quivered)
Armour
 e - a +0 cloak (worn)
 y - a cursed +0 scale mail (worn)
Jewellery
 s - a cursed amulet of inaccuracy {unknown}
 t - a +2 ring of evasion {unknown}
Wands
 v - a wand of acid (10/15)
Scrolls
 h - a scroll of enchant weapon {unknown}
 i - a scroll of magic mapping {unknown}
 k - a scroll of recharging {unknown}
 l - 4 scrolls of identify {unknown}
 n - a scroll of blinking {unknown}
 p - a scroll of amnesia {unknown}
 q - a scroll of random uselessness {unknown}
Potions
 g - a potion of degeneration {unknown}
 j - a potion of might {unknown}
 m - a potion of beneficial mutation {unknown}
 o - a potion of lignification {unknown}
 w - a potion of ambrosia {unknown}
Comestibles
 c - 2 bread rations
 d - 2 beef jerkies
 f - 4 fruits
 u - 15 chunks of flesh


   Skills:
 + Level 4.1 Fighting
 + Level 2.5 Maces & Flails
 + Level 2.6 Armour
 + Level 1.9 Dodging
 * Level 3.8 Invocations


You had 4 spell levels left.
You didn't know any spells.

Dungeon Overview and Level Annotations

Branches:
Dungeon (3/15)

Altars:


Innate Abilities, Weirdness & Mutations

You are resistant to torment.
Your stone body is resilient. (AC +4)
You are immune to poison.
You resist negative energy. (rN+)
You are resistant to electric shocks. (rElec)
You can survive without breathing.
You are immune to petrification.
You are immune to rotting.


Message History

The orc wizard hits you but does no damage.
Something hits you but does no damage.
You sock the orc wizard!
You kill the orc wizard!
Lugonu accepts your kill.
The orc priest looks encouraged for a moment.
You hear some strange, mumbled words.
You are confused.
You thump the rat!
You kill the rat!
Lugonu accepts your kill.
You closely miss the orc. Something hits you but does no damage.
The orc barely misses you.
You sock the orc!
You kill the orc!
Lugonu accepts your kill.
Something hits you but does no damage. x2
The orc priest mumbles some strange prayers to Beogh against you.
Pain shoots through your body!
You die...

... #{# #o# #r# #.# #.#
#.###########.##
#....))†........ ###
##...÷@########## ..#
#.............
..#########.....o######.
.................#
..#########.##.###
..#########.##.####
..)...............#
.##########.##.##.# .#
#.##.#


You could see an orc priest.

Vanquished Creatures
  An orc wizard (D:3)
  3 gnolls (D:2)
  3 adders
  An ooze (D:1)
  A dart slug (D:1)
  2 leopard geckos
  8 orcs (D:3)
  2 giant cockroaches
  5 goblins
  6 hobgoblins
  5 kobolds
  2 quokkas (D:3)
  4 bats
  2 frilled lizards
  6 rats
51 creatures vanquished.

Notes
Turn   | Place    | Note
-------+----------+-------------------------------------------
     0 | Abyss:1  | MovingMist the Gargoyle Abyssal Knight began the quest for the Orb.
     0 | Abyss:1  | Reached XP level 1. HP: 14/14 MP: 2/2
    41 | Abyss:1  | Found a corrupted altar of Lugonu.
    95 | D:1      | Escaped the Abyss
   188 | D:1      | Reached XP level 2. HP: 14/19 MP: 3/3
   263 | D:1      | Reached * piety under Lugonu
   361 | D:1      | Reached skill level 1 in Dodging
   579 | D:1      | Reached XP level 3. HP: 12/24 MP: 4/4
  1301 | D:2      | Reached skill level 4 in Fighting
  1301 | D:2      | Reached XP level 4. HP: 23/29 MP: 6/6
  1729 | D:3      | Reached ** piety under Lugonu
  1849 | D:3      | Reached XP level 5. HP: 3/33 MP: 7/7
  1860 | D:3      | Killed from afar by an orc priest

Skill      XL: |  1  2  3 |
---------------+----------+-----
Dodging        | 1 |  1.9
Fighting       | 4 |  4.1
Invocations    | 3 |  3.8
Maces & Flails | |  2.5
Armour         | |  2.6

Action                   |  1- 3 |  4- 6 || total
-------------------------+-------+-------++-------
Melee: Mace              |    84 |       ||    84
       Quarterstaff      |    16 |    58 ||    74
Invok: Depart the Abyss  |     1 |       ||     1
  Eat: Chunk             |     1 |     2 ||     3
Armor: Leather armour    |    54 |    16 ||    70
       Scale mail        |       |    23 ||    23
Dodge: Dodged            |    75 |    30 ||   105
